 Dungeon Crawl Stone Soup version 0.18.1-47-g9310371 (webtiles) character file.

83 Luxxor the Shield-Bearer (level 4, -2/52 HPs)
             Began as a Human Fighter on June 20, 2016.
             Was an Initiate of Makhleb.
             Slain by a killer bee (6 damage)
             ... on level 3 of the Dungeon.
             The game lasted 00:14:06 (1655 turns).

Luxxor the Shield-Bearer (Human Fighter)            Turns: 1655, Time: 00:14:06

Health: -2/52      AC: 22    Str: 18    XL:     4   Next: 71%
Magic:  4/4        EV:  2    Int:  8    God:    Makhleb [......]
Gold:   150        SH:  9    Dex: 12    Spells: 0 memorised, 3 levels left

rFire  . . .     SeeInvis .     n - +1 dagger (drain)
rCold  . . .     Gourm    .     (armour currently unavailable)
rNeg   + + +     Faith    .     c - +0 shield
rPois  +         Spirit   .     (helmet currently unavailable)
rElec  .         Dismiss  .     (cloak currently unavailable)
rCorr  .         Reflect  .     (gloves currently unavailable)
SustAt .         Harm     .     (boots currently unavailable)
MR     .....     NoTele   +     (no amulet)
Stlth  +.........               (no ring)
                                (no ring)

@: lethally poisoned (-2 -> -5), tree-form, hasted, drained, very quick, not
resistant to hostile enchantments, very unstealthy
A: no striking features
a: Renounce Religion


You were on level 3 of the Dungeon.
You worshipped Makhleb.
Makhleb was noncommittal.
You were very hungry.
You were a tree.
You visited 1 branch of the dungeon, and saw 3 of its levels.

You collected 150 gold pieces.

Inventory:

Hand Weapons
 n - a +1 dagger of draining (weapon)
 p - a +0 dagger of draining
 s - a +0 short sword of electrocution
Armour
 a - a +1 centaur barding
 b - a +0 scale mail (melded)
 c - a +0 shield (worn)
Scrolls
 e - a scroll of noise {unknown}
 j - a scroll of random uselessness {unknown}
 l - a scroll of fog {unknown}
 q - 2 scrolls of blinking {unknown}
 r - a scroll of remove curse {unknown}
 x - a scroll of identify
 y - a scroll of teleportation {unknown}
Potions
 d - a potion of might
 h - a potion of ambrosia
 i - a potion of cancellation {unknown}
 k - a potion of curing {unknown}
 m - a potion of berserk rage {unknown}
 u - a potion of lignification
Comestibles
 f - 2 bread rations
 g - a slice of pizza
 o - 4 fruits
 t - 3 chunks of flesh
 v - a meat ration


   Skills:
 + Level 3.5(2.6) Fighting
 + Level 0.6(0.7) Short Blades
   Level 2.2(1.4) Long Blades
 + Level 3.6(2.7) Armour
 + Level 1.1(0.3) Dodging
 + Level 3.7(2.8) Shields


You had 3 spell levels left.
You didn't know any spells.

Dungeon Overview and Level Annotations

Branches:
Dungeon (3/15)

Altars:
Fedhas
Kikubaaqudgha
Makhleb
Xom


Message History

The killer bee barely misses you. x2
The killer bee stings you but does no damage.
You closely miss the killer bee.
The killer bee is heavily wounded.
You feel sick. You block the killer bee's attack.
The killer bee stings you but does no damage. x2
You block the killer bee's attack.
The killer bee stings you but does no damage.
You miss the killer bee.
The killer bee is heavily wounded.
You block the killer bee's attack. The killer bee stings you.
* * * LOW HITPOINT WARNING * * *
The killer bee stings you but does no damage.
The killer bee stings you.
* * * LOW HITPOINT WARNING * * *
It was a potion of haste.
You feel yourself speed up.
You feel sick. The killer bee stings you.
* * * LOW HITPOINT WARNING * * *
The killer bee stings you.
You die...

###########
#######+#####.........#
...........##.........##
.....$.r................
......yyy<...........#..
#######y###..........#..
#♣y...............
#####..........#..
#..........+..
#..........#..
##########....
#.....).... #.#........
#>....... #########


You could see 5 killer bees and a rat.

Vanquished Creatures
  3 adders
  2 oozes
  A worm (D:2)
  2 dart slugs (D:1)
  A giant cockroach (D:2)
  9 goblins
  4 hobgoblins
  5 bats
  5 giant newts
  7 kobolds
  3 rats
42 creatures vanquished.

Notes
Turn   | Place    | Note
--------------------------------------------------------------
     0 | D:1      | Luxxor the Human Fighter began the quest for the Orb.
     0 | D:1      | Reached XP level 1. HP: 18/18 MP: 1/1
   187 | D:1      | Reached XP level 2. HP: 22/24 MP: 2/2
   294 | D:1      | Reached XP level 3. HP: 18/29 MP: 3/3
  1024 | D:2      | Found a burning altar of Makhleb.
  1039 | D:2      | Found a shimmering altar of Xom.
  1043 | D:2      | Became a worshipper of Makhleb the Destroyer
  1087 | D:2      | Reached skill level 1 in Dodging
  1087 | D:2      | Reached XP level 4. HP: 35/35 MP: 4/4
  1477 | D:3      | Found an ancient bone altar of Kikubaaqudgha.
  1478 | D:3      | Found a blossoming altar of Fedhas.
  1655 | D:3      | Slain by a killer bee

Skill      XL: |  1  2  3 |
---------------+----------+-----
Dodging        | 1 |  1.1
Fighting       | |  3.5
Short Blades   | |  0.6
Long Blades    | |  2.2
Armour         | |  3.6
Shields        | |  3.7

Action                   |  1- 3 |  4- 6 || total
-------------------------+-------+-------++-------
Melee: Long sword        |    43 |       ||    43
       Dagger            |    38 |    47 ||    85
  Use: Scroll            |     2 |     1 ||     3
       Potion            |       |     2 ||     2
  Eat: Chunk             |       |     1 ||     1
Armor: Scale mail        |    34 |    10 ||    44
       Skin              |       |     7 ||     7
Dodge: Dodged            |    17 |    11 ||    28
Block: Shield            |    43 |    30 ||    73
